 Dungeon Crawl Stone Soup version 0.20.1-1-g8b1a95d (webtiles) character file.

95 polve the Poker (level 4, -2/33 HPs)
             Began as a Merfolk Skald on July 18, 2017.
             Slain by Crazy Yiuf
             ... wielding a +2 quarterstaff of chaos
              (4 damage)
             ... on level 2 of the Dungeon.
             The game lasted 00:03:32 (2023 turns).

polve the Poker (Merfolk Skald)                     Turns: 2023, Time: 00:03:32

Health: -2/33      AC:  4    Str: 11    XL:     4   Next: 66%
Magic:  3/7        EV: 12    Int: 13    God:
Gold:   115        SH:  0    Dex: 13    Spells: 1/7 levels left

rFire    . . .     SeeInvis .   a - +0 spear
rCold    . . .     Gourm    .   (no shield)
rNeg     + . .     Faith    .   b - +0 leather armour
rPois    .         Spirit   .   i - +0 helmet
rElec    .         Reflect  .   (no cloak)
rCorr    .         Harm     .   (no gloves)
MR       .....                  (no boots)
Stlth    +.........             (no amulet)
Regen    0.2/turn               (no ring)
MPRegen  0.1/turn               p - ring of positive energy

@: slowed, drained, very slow
A: change form in water, swift swim, stealthy swim
a: no special abilities


You were on level 2 of the Dungeon.
You were hungry.

You visited 1 branch of the dungeon, and saw 2 of its levels.

You collected 115 gold pieces.

Inventory:

Hand Weapons
 a - a +0 spear (weapon)
Armour
 b - a +0 leather armour (worn)
 i - a +0 helmet (worn)
Jewellery
 p - a ring of positive energy (right hand)
Scrolls
 j - 2 scrolls of identify {unknown}
 n - a scroll of amnesia {unknown}
 r - a scroll of fear {unknown}
 s - 2 scrolls of remove curse {unknown}
 t - a scroll of enchant armour {unknown}
Potions
 e - 2 potions of brilliance {unknown}
 g - a potion of mutation {unknown}
 l - a potion of might {unknown}
 m - a potion of magic {unknown}
 o - a potion of curing {unknown}
 q - 2 potions of agility {unknown}
 u - a potion of lignification {unknown}
Books
 c - a book of Battle

   Spells                             Type                      Level
   a - Infusion                       Charms                       1
   b - Shroud of Golubria             Charms/Translocation         2
   c - Song of Slaying                Charms                       2
   d - Spectral Weapon                Hexes/Charms                 3
   e - Regeneration                   Charms/Necromancy            3
Comestibles
 d - 4 bread rations
 h - 3 fruits
 k - a meat ration


   Skills:
 - Level 2.1(2.0) Fighting
 + Level 4.1(4.0) Polearms
 - Level 0.6(0.4) Armour
 - Level 2.6(2.5) Dodging
 - Level 2.0(1.8) Spellcasting
 + Level 1.4(1.2) Hexes
 - Level 4.0(3.8) Charms
 + Level 1.9(1.7) Translocations


You had one spell level left.
You knew the following spells:

 Your Spells              Type           Power        Failure   Level  Hunger
a - Infusion              Chrm           ##..         7%          1    ##.....
b - Shroud of Golubria    Chrm/Tloc      #.........   16%         2    ###....
c - Spectral Weapon       Hex/Chrm       #.......     34%         3    ####...


Dungeon Overview and Level Annotations

Branches:
Dungeon (2/15)

Altars:
Dithmenos
Makhleb

Annotations:
D:2 Crazy Yiuf


Message History

Your spectral weapon hits Crazy Yiuf from afar!
Crazy Yiuf hits you with a quarterstaff of chaos!
* * * LOW HITPOINT WARNING * * *
You partially resist.
You feel drained.
* * * LOW HITPOINT WARNING * * *
You closely miss Crazy Yiuf.
Crazy Yiuf is moderately wounded.
Your spectral weapon hits Crazy Yiuf from afar.
Crazy Yiuf misses you.
Crazy Yiuf hits you with a quarterstaff of chaos!
* * * LOW HITPOINT WARNING * * *
You feel as though you will be slow longer.
You barely miss Crazy Yiuf.
Crazy Yiuf is moderately wounded.
Your spectral weapon barely misses Crazy Yiuf.
Crazy Yiuf hits you but does no damage.
Okay, then.
You swap places.
Crazy Yiuf hits you with a quarterstaff of chaos.
You die...

........................[...####.
..........####....###............
..........# ##..## #.####.......
..........# ♣P.P=♣ #.# ##......
..#.##....# ♣♣.P.♣ #.# #......
#.#)##....# ♣♣.♣♣ ### #......
#.#.###...# ♣♣.♣ ###......
>...###...# ♣.♣♣ ####........
..........# ♣♣@♣ ##....#......
....##....# ♣g♣♣ #..#########.
....###...# #(# ##########...
..(......(# #...# #####.......#
....##....# #...# #..#.(.......
.....##...# #)..# #..#.........
.....##...# ##### #............
..........# #>.##........
######....###########..##........


You could see Crazy Yiuf and a friendly spectral spear.

Vanquished Creatures
  A hound (D:2)
  2 adders (D:2)
  2 worms (D:2)
  A dart slug (D:1)
  2 leopard geckos
  A ball python (D:2)
  3 bats
  2 giant cockroaches
  2 goblins (D:1)
  6 hobgoblins
  5 frilled lizards
  3 kobolds
  17 rats
47 creatures vanquished.

Notes
Turn   | Place    | Note
-------+----------+-------------------------------------------
     0 | D:1      | polve the Merfolk Skald began the quest for the Orb.
     0 | D:1      | Reached XP level 1. HP: 16/16 MP: 3/3
   126 | D:1      | Reached XP level 2. HP: 22/22 MP: 5/5
   130 | D:1      | Learned a level 2 spell: Shroud of Golubria
   406 | D:1      | Reached skill level 1 in Translocations
   598 | D:1      | Reached XP level 3. HP: 27/27 MP: 6/6
   664 | D:1      | Learned a level 3 spell: Spectral Weapon
  1410 | D:2      | Reached skill level 1 in Hexes
  1410 | D:2      | Reached XP level 4. HP: 29/33 MP: 7/7
  1525 | D:2      | Found a burning altar of Makhleb.
  1863 | D:2      | Found a shadowy altar of Dithmenos.
  1909 | D:2      | Found a runed door.
  2016 | D:2      | Noticed Crazy Yiuf
  2020 | D:2      | HP: 1/33 [Crazy Yiuf/quarterstaff of chaos (10)]
  2023 | D:2      | Slain by Crazy Yiuf

Skill      XL: |  1  2  3  4 |
---------------+-------------+-----
Charms         | 4 |  4.0
Translocations | 1 |  1.9
Hexes          | 1 |  1.4
Polearms       | 4 |  4.1
Fighting       | |  2.1
Armour         | |  0.6
Dodging        | |  2.6
Spellcasting   | |  2.0

Action                   |  1- 3 |  4- 6 || total
-------------------------+-------+-------++-------
Melee: Spear             |   149 |    37 ||   186
 Cast: Infusion          |     2 |     1 ||     3
       Shroud of Golubri |       |     1 ||     1
       Spectral Weapon   |       |     1 ||     1
 Stab: Sleeping          |     7 |       ||     7
  Eat: Chunk             |     2 |     1 ||     3
Armor: Leather armour    |    22 |    15 ||    37
Dodge: Dodged            |    62 |    25 ||    87
